 Dungeon Crawl Stone Soup version 0.31-a0-1178-gc5c9b8f871 (webtiles) character file.

Game seed: 18378260366107604392

6215 qw the Skirmisher (level 10, -2/64 HPs)
             Began as a Gargoyle Hunter on Dec 11, 2023.
             Was an Elder of Okawaru.
             Slain by a troll (8 damage)
             ... on level 9 of the Dungeon.
             The game lasted 00:04:14 (7726 turns).

qw the Skirmisher (Gargoyle Hunter)                 Turns: 7726, Time: 00:04:14

Health: -2/64      AC: 18    Str: 16    XL:     10   Next: 92%
Magic:  13/13      EV: 13    Int:  9    God:    Okawaru [****..]
Gold:   567        SH:  0    Dex: 17    Spells: 9/9 levels left

rFire   + + .        s - +0 orcbow
rCold   . . .        (shield currently unavailable)
rNeg    + . .        w - +1 leather armour {rF+}
rPois   inf          t - +1 helmet
rElec   +            o - +0 cloak
rCorr   .            v - +2 pair of gloves
SInv    .            (no boots)
Will    .....        q - amulet of faith
Stlth   ++           j - ring of protection from fire
HPRegen 0.30/turn    (no ring)
MPRegen 0.13/turn

%: faith
@: about to teleport
A: sickness immunity, AC +7, negative energy resistance 1, electricity
resistance, torment resistance 1, petrification resistance
a: Renounce Religion, Heroism, Finesse


You were on level 9 of the Dungeon.
You worshipped Okawaru.
Okawaru was greatly pleased with you.
You visited 2 branches of the dungeon, and saw 10 of its levels.
You also visited: Ossuary.

You collected 567 gold pieces.


Innate Abilities, Weirdness & Mutations

You are immune to sickness and miasma.
Your stone body is resilient. (AC +7)
You are immune to poison.
You resist negative energy. (rN+)
You are resistant to electric shocks. (rElec)
You are resistant to unholy torment.
You are immune to petrification.


   Skills:
 + Level 8.0 Fighting
 - Level 13.0 Ranged Weapons
 - Level 3.1 Armour
 - Level 4.4 Dodging
 - Level 1.1 Stealth
 + Level 4.8 Invocations


You had 9 spell levels left.
You didn't know any spells.
Your spell library was empty.

Inventory:

Hand Weapons
 s - a +0 orcbow (weapon)
Armour
 h - the +1 robe "Gugoum" {^Contam Harm rC+ Int+2}
   (You found it on level 3 of the Dungeon)

   Int+2:     It affects your intelligence (+2).
   rC+:       It protects you from cold.
   ^Contam:   It causes magical contamination when unequipped.
   Harm:      It increases damage dealt and taken.
 o - a +0 cloak (worn)
 t - a +1 helmet (worn)
 v - a +2 pair of gloves (worn)
 w - a +1 leather armour of fire resistance (worn)
Jewellery
 i - an amulet of the acrobat
 j - a ring of protection from fire (left hand)
 q - an amulet of faith (around neck)
Wands
 b - a wand of polymorph (10)
 r - a wand of mindburst (12)
Scrolls
 d - 3 scrolls of teleportation
Potions
 g - a potion of might
 k - a potion of haste
 l - 5 potions of mutation
 n - a potion of enlightenment
 x - a potion of cancellation

Dungeon Overview and Level Annotations

Branches:
Dungeon (9/15)             Temple (1/1) D:7         Ossuary (visited)
   Lair: D:8-11         Orc: D:9-12

Altars:
Ashenzari
Cheibriados
Dithmenos
Elyvilon
Fedhas
Gozag
Hepliaklqana
Kikubaaqudgha
Makhleb
Nemelex Xobeh
Okawaru
Qazlal
Ru
Sif Muna
Trog
Vehumet
Wu Jian
Xom
Yredelemnul
Zin
The Shining One


Message History

You shoot an arrow. The arrow barely misses the troll.
The shadow strikes at you from the darkness!
Reactivating autopickup.
The troll barely misses you. The troll misses you. The troll barely misses you.
You shoot an arrow. The arrow hits the troll.
The troll is lightly wounded.
The shadow slips into darkness.
The shadow flickers and vanishes!
Deactivating autopickup; reactivate with Ctrl-A.
The troll bites you but does no damage. The troll claws you.
The troll claws you!
You shoot an arrow. The arrow hits the troll!
The troll is moderately wounded.
The shadow strikes at you from the darkness!
Reactivating autopickup.
You shoot an arrow. The arrow closely misses the troll.
The troll bites you but does no damage. The troll claws you.
The troll barely misses you. The shadow hits you.
You shoot an arrow. The arrow barely misses the troll.
The troll bites you! The troll closely misses you. x2
7723 ||| READING 4 scrolls of teleportation.
As you read the scroll of teleportation, it crumbles to dust.
You feel strangely unstable. The troll closely misses you.
The troll claws you but does no damage. The troll misses you.
7724 ||| DRINKING potion of heal wounds.
You feel much better. The troll bites you but does no damage.
The troll claws you but does no damage. The troll misses you.
The two-headed ogre hits you with a +0 dire flail!
The two-headed ogre hits you with a +0 giant spiked club.
You shoot an arrow.
The arrow barely misses the two-headed ogre.
The arrow hits the shadow but does no damage.
The troll bites you but does no damage. The troll claws you. x2
The two-headed ogre closely misses you.
The two-headed ogre hits you with a +0 giant spiked club!
You shoot an arrow. The arrow barely misses the troll.
The troll bites you!
You die...

..O# #####...#
#.......#
#......T#
#..O...$# .....O.
#...# #'''# #...#
####.#### #...#
#....WO@###...#
#....#.T...#...#
#....#.....#...#
#....#.....#...#
....######......#
...#. #......##
.....
#......)#### ##
.###
#####......#####.
##.......#...


You could see a two-headed ogre, a troll and a shadow.

Vanquished Creatures
  A two-headed ogre (D:8)
  A troll (D:9)
  Prince Ribbit (D:7)
  A vampire (D:9)
  A shadow (D:9)
  A wyvern (D:7)
  4 water moccasins
  2 sky beasts (D:6)
  An orc warrior (D:8)
  2 black bears
  An ice beast (D:6)
  An ogre (D:9)
  7 centaurs
  A phantom (D:3)
  4 kobold brigands
  3 bullfrogs
  3 scorpions
  2 necrophages (D:4)
  2 gnoll sergeants
  A water moccasin zombie (D:4)
  10 wights
  4 killer bees
  3 howler monkeys
  3 crimson imps (D:6)
  3 hounds
  3 human zombies
  7 jellies
  A gnoll bouda (D:7)
  4 orc priests
  A sleepcap (D:4)
  2 iguanas
  6 orc wizards
  A scorpion zombie (D:4)
  A hound zombie (D:4)
  7 mummies
  8 gnolls
  13 adders
  A shadow imp (D:6)
  A white imp (D:8)
  4 ufetubi
  2 adder zombies (D:4)
  4 worms
  4 dart slugs
  25 orcs
  3 bats
  3 endoplasms
  3 giant cockroaches
  5 hobgoblins
  7 jackals
  3 kobolds
  6 quokkas
  8 ball pythons
  9 frilled lizards
  5 goblins
  2 goblin zombies (Ossuary)
  2 kobold zombies (Ossuary)
  2 orc zombies (Ossuary)
  2 rats (D:2)
218 creatures vanquished.

Notes
Turn   | Place    | Note
-------+----------+-------------------------------------------
     0 | D:1      | qw the Gargoyle Hunter began the quest for the Orb.
     0 | D:1      | Reached XP level 1. HP: 12/12 MP: 1/1
     0 | D:1      | 0 ||| qw: Version: 0.3-a-106-g2cfff9e
     0 | D:1      | 0 ||| qw: Game counter: 2019
     0 | D:1      | 0 ||| qw: Melee chars always use a shield: true
     0 | D:1      | 0 ||| qw: God list: Okawaru
     0 | D:1      | 0 ||| qw: Allow faded altars: false
     0 | D:1      | 0 ||| qw: Do Orc after clearing Dungeon:15 true
     0 | D:1      | 0 ||| qw: Do second Lair branch before Depths: true
     0 | D:1      | 0 ||| qw: Lair rune preference: random
     0 | D:1      | 0 ||| qw: Goals: Normal, Save, Zot:1-4, Win
     0 | D:1      | 0 ||| PLANNING D:1-11
   543 | D:1      | 543 ||| READING scroll labelled JAIDYMPOUNE.
   544 | D:1      | 544 ||| READING scroll labelled GEJEAD JIOPIGG.
   544 | D:1      | 544 ||| ENCHANTING +0 leather armour.
   545 | D:1      | 545 ||| READING scroll labelled SISIWN XEABOSCH.
   546 | D:1      | 546 ||| DROPPING scroll of butterflies.
   557 | D:2      | Reached XP level 2. HP: 15/17 MP: 2/2
   684 | D:2      | Reached XP level 3. HP: 21/21 MP: 3/3
   713 | D:2      | Reached skill level 5 in Ranged Weapons
  1045 | D:2      | Found a faded altar of an unknown god.
  1057 | D:2      | Reached skill level 3 in Fighting
  1149 | D:2      | 1149 ||| UPGRADING to +0 pair of gloves.
  1154 | D:2      | 1154 ||| READING 2 scrolls labelled YSEAW OS KUENT.
  1157 | D:2      | 1157 ||| READING scroll labelled SAIXZOT PEETS.
  1157 | D:2      | 1157 ||| IDENTIFYING black potion
  1158 | D:2      | 1158 ||| READING scroll labelled PUECWA BUAH.
  1158 | D:2      | 1158 ||| ENCHANTING +0 shortbow.
  1159 | D:2      | 1159 ||| READING scroll labelled TOAPUAPUASK.
  1160 | D:2      | 1160 ||| DROPPING potion of ambrosia.
  1174 | D:3      | 1174 ||| READING scroll of enchant armour.
  1174 | D:3      | 1174 ||| ENCHANTING +0 pair of gloves.
  1191 | D:3      | Reached XP level 4. HP: 28/28 MP: 4/4
  1442 | D:3      | 1442 ||| SWAPPING to +1 shortbow of draining.
  1443 | D:3      | 1443 ||| DROPPING +1 shortbow.
  1510 | D:3      | Found a bloodstained altar of Trog.
  1514 | D:3      | Identified the +1 robe "Gugoum" {^Contam Harm rC+ Int+2}
  2034 | D:3      | Noticed a phantom
  2044 | D:3      | Killed a phantom
  2045 | D:3      | Reached skill level 6 in Ranged Weapons
  2045 | D:3      | Reached XP level 5. HP: 30/32 MP: 5/5
  2101 | D:3      | 2101 ||| UPGRADING to amulet of the acrobat.
  2106 | D:3      | 2106 ||| UPGRADING to ring of protection from fire.
  2107 | D:3      | 2107 ||| READING scroll of identify.
  2107 | D:3      | 2107 ||| IDENTIFYING puce potion
  2108 | D:3      | 2108 ||| READING scroll labelled ATEUWK MEEBI.
  2132 | D:4      | 2132 ||| PLANNING OSSUARY
  2140 | D:4      | Noticed a centaur
  2145 | D:4      | Killed a centaur
  2146 | D:4      | Reached XP level 6. HP: 17/37 MP: 6/6
  2238 | D:4      | Found a sand-covered staircase.
  2248 | Ossuary  | Entered an ossuary
  2328 | Ossuary  | 2328 ||| READING scroll of enchant weapon.
  2328 | Ossuary  | 2328 ||| ENCHANTING +1 shortbow of draining.
  2481 | Ossuary  | 2481 ||| READING scroll of identify.
  2481 | Ossuary  | 2481 ||| IDENTIFYING lumpy cyan potion
  2482 | Ossuary  | 2482 ||| DRINKING 2 smoky cyan potions.
  2483 | Ossuary  | 2483 ||| DRINKING 2 murky orange potions.
  2484 | Ossuary  | 2484 ||| DROPPING potion of brilliance.
  2500 | D:4      | 2500 ||| PLANNING D:1-11
  2597 | D:4      | Reached XP level 7. HP: 43/43 MP: 7/7
  2675 | D:4      | Found a snail-covered altar of Cheibriados.
  2687 | D:4      | Reached skill level 7 in Ranged Weapons
  2692 | D:4      | Found a sacrificial altar of Ru.
  2887 | D:4      | 2887 ||| FLEEEEING.
  2888 | D:4      | 2888 ||| FLEEEEING.
  2889 | D:4      | 2889 ||| FLEEEEING.
  2890 | D:4      | 2890 ||| FLEEEEING.
  2891 | D:4      | 2891 ||| FLEEEEING.
  2892 | D:4      | 2892 ||| FLEEEEING.
  2893 | D:4      | 2893 ||| FLEEEEING.
  3055 | D:4      | Reached skill level 8 in Ranged Weapons
  3089 | D:4      | Reached XP level 8. HP: 30/49 MP: 8/8
  3203 | D:4      | Found a basalt altar of Yredelemnul.
  3350 | D:4      | 3350 ||| READING scroll of identify.
  3350 | D:4      | 3350 ||| IDENTIFYING fuming green potion
  3367 | D:5      | Entered Level 5 of the Dungeon
  3577 | D:5      | Reached skill level 9 in Ranged Weapons
  3629 | D:5      | 3629 ||| FLEEEEING.
  3630 | D:5      | 3630 ||| FLEEEEING.
  3631 | D:5      | 3631 ||| FLEEEEING.
  3635 | D:5      | 3635 ||| STAIRDANCE
  3687 | D:5      | Reached skill level 6 in Fighting
  3751 | D:5      | Identified the +0 robe of Ampokkeaxah {rCorr}
  4210 | D:5      | 4210 ||| DROPPING +0 robe of Ampokkeaxah {rCorr}.
  4211 | D:5      | 4211 ||| UPGRADING to amulet of faith.
  4221 | D:5      | 4221 ||| READING scroll of identify.
  4221 | D:5      | 4221 ||| IDENTIFYING coppery potion
  4222 | D:5      | 4222 ||| READING 3 scrolls labelled LOCUEK ETIDOCS.
  4223 | D:5      | 4223 ||| DROPPING 2 scrolls of fear.
  4374 | D:6      | Reached skill level 10 in Ranged Weapons
  4374 | D:6      | Reached XP level 9. HP: 55/55 MP: 9/9
  4411 | D:6      | Found a sparkling altar of Nemelex Xobeh.
  4448 | D:6      | Reached skill level 3 in Dodging
  4613 | D:6      | Found a shimmering altar of Xom.
  4989 | D:7      | Noticed Prince Ribbit
  4991 | D:7      | 4991 ||| RETREEAATING.
  4992 | D:7      | 4992 ||| STILL RETREEAATING.
  4997 | D:7      | 4997 ||| Stepping ~*~*~tactically~*~*~ (retreating).
  5001 | D:7      | 5001 ||| FLEEEEING.
  5002 | D:7      | 5002 ||| FLEEEEING.
  5021 | D:7      | 5021 ||| FLEEEEING.
  5022 | D:7      | 5022 ||| FLEEEEING.
  5100 | D:7      | Killed Prince Ribbit
  5101 | D:7      | Reached skill level 11 in Ranged Weapons
  5271 | D:7      | Found a staircase to the Ecumenical Temple.
  5272 | D:7      | 5272 ||| PLANNING TEMPLE
  5279 | Temple   | Entered the Ecumenical Temple
  5280 | Temple   | 5280 ||| PLANNING OKAWARU WORSHIP
  5290 | Temple   | Became a worshipper of Warmaster Okawaru
  5291 | Temple   | 5291 ||| PLANNING D:1-11
  5388 | D:7      | Found an ancient bone altar of Kikubaaqudgha.
  5413 | D:7      | Reached * piety under Okawaru
  5414 | D:7      | Reached XP level 10. HP: 55/64 MP: 10/10
  5419 | D:7      | Reached skill level 1 in Invocations
  5509 | D:7      | Reached skill level 12 in Ranged Weapons
  6047 | D:7      | 6047 ||| UPGRADING to +0 helmet.
  6052 | D:7      | 6052 ||| UPGRADING to +2 pair of gloves.
  6062 | D:7      | 6062 ||| DROPPING +1 pair of gloves.
  6063 | D:7      | 6063 ||| UPGRADING to +1 leather armour of fire resistance.
  6073 | D:7      | 6073 ||| DROPPING +1 leather armour.
  6074 | D:7      | 6074 ||| READING scroll of identify.
  6074 | D:7      | 6074 ||| IDENTIFYING glowing ruby potion
  6075 | D:7      | 6075 ||| DROPPING potion of invisibility.
  6105 | D:8      | 6105 ||| Stepping ~*~*~tactically~*~*~ (retreating).
  6106 | D:8      | 6106 ||| Stepping ~*~*~tactically~*~*~ (retreating).
  6107 | D:8      | 6107 ||| Stepping ~*~*~tactically~*~*~ (retreating).
  6112 | D:8      | 6112 ||| Stepping ~*~*~tactically~*~*~ (retreating).
  6115 | D:8      | 6115 ||| Stepping ~*~*~tactically~*~*~ (retreating).
  6303 | D:8      | Found a radiant altar of Vehumet.
  6343 | D:8      | 6343 ||| FLEEEEING.
  6346 | D:8      | Reached ** piety under Okawaru
  6347 | D:8      | 6347 ||| FLEEEEING.
  6349 | D:8      | 6349 ||| FLEEEEING.
  6350 | D:8      | 6350 ||| FLEEEEING.
  6351 | D:8      | 6351 ||| FLEEEEING.
  6352 | D:8      | 6352 ||| FLEEEEING.
  6353 | D:8      | 6353 ||| FLEEEEING.
  6354 | D:8      | 6354 ||| FLEEEEING.
  6354 | D:8      | Noticed a two-headed ogre
  6355 | D:8      | 6355 ||| FLEEEEING.
  6356 | D:8      | 6356 ||| FLEEEEING.
  6357 | D:8      | 6357 ||| FLEEEEING.
  6359 | D:8      | 6359 ||| FLEEEEING.
  6360 | D:8      | 6360 ||| FLEEEEING.
  6361 | D:8      | 6361 ||| FLEEEEING.
  6484 | D:8      | Reached skill level 3 in Invocations
  6516 | D:8      | 6516 ||| Stepping ~*~*~tactically~*~*~ (retreating).
  6525 | D:8      | Killed a two-headed ogre
  6525 | D:8      | Reached *** piety under Okawaru
  6531 | D:8      | 6531 ||| FLEEEEING.
  6700 | D:8      | 6700 ||| READING scroll of enchant armour.
  6700 | D:8      | 6700 ||| ENCHANTING +0 helmet.
  6884 | D:8      | 6884 ||| SWAPPING to +0 orcbow.
  6885 | D:8      | 6885 ||| DROPPING +2 shortbow of draining.
  6886 | D:8      | 6886 ||| UPGRADING to +0 cloak.
  6891 | D:8      | 6891 ||| READING 4 scrolls of identify.
  6891 | D:8      | 6891 ||| IDENTIFYING purple potion
  6892 | D:8      | 6892 ||| READING 3 scrolls of identify.
  6892 | D:8      | 6892 ||| IDENTIFYING inky potion
  6893 | D:8      | 6893 ||| READING 2 scrolls of identify.
  6893 | D:8      | 6893 ||| IDENTIFYING golden potion
  6894 | D:8      | 6894 ||| READING scroll of identify.
  6894 | D:8      | 6894 ||| IDENTIFYING scroll labelled CEG LEUCKEMET
  6895 | D:8      | 6895 ||| DROPPING scroll of torment.
  6896 | D:8      | 6896 ||| DROPPING potion of attraction.
  6897 | D:8      | 6897 ||| DROPPING potion of lignification.
  6917 | D:9      | 6917 ||| STAIRDANCE
  6950 | D:9      | 6950 ||| STAIRDANCE
  6979 | D:9      | 6979 ||| STAIRDANCE
  7024 | D:9      | Reached skill level 3 in Armour
  7057 | D:9      | 7057 ||| DRINKING 3 potions of curing.
  7057 | D:9      | 7057 ||| (to cure confusion)
  7129 | D:9      | HP: 10/64 [troll (7)]
  7130 | D:9      | 7130 ||| READING 6 scrolls of teleportation.
  7131 | D:9      | 7131 ||| DRINKING 3 potions of heal wounds.
  7348 | D:9      | 7348 ||| Stepping ~*~*~tactically~*~*~ (retreating).
  7349 | D:9      | 7349 ||| Stepping ~*~*~tactically~*~*~ (retreating).
  7360 | D:9      | 7360 ||| DRINKING 2 potions of curing.
  7360 | D:9      | 7360 ||| (to cure confusion)
  7362 | D:9      | HP: 11/64 [something (6)]
  7363 | D:9      | 7363 ||| READING 5 scrolls of teleportation.
  7364 | D:9      | 7364 ||| DRINKING potion of curing.
  7364 | D:9      | 7364 ||| (to cure confusion)
  7365 | D:9      | 7365 ||| DRINKING 2 potions of heal wounds.
  7378 | D:9      | Reached **** piety under Okawaru
  7615 | D:9      | Reached skill level 13 in Ranged Weapons
  7705 | D:9      | Noticed a two-headed ogre
  7706 | D:9      | 7706 ||| RETREEAATING.
  7707 | D:9      | 7707 ||| STILL RETREEAATING.
  7712 | D:9      | 7712 ||| Stepping ~*~*~tactically~*~*~ (retreating).
  7722 | D:9      | HP: 9/64 [troll (12)]
  7723 | D:9      | 7723 ||| READING 4 scrolls of teleportation.
  7724 | D:9      | 7724 ||| DRINKING potion of heal wounds.
  7726 | D:9      | Slain by a troll

Levels and vault maps discovered:
D:1:      ncdulo_watergridlock, layout_basic
D:2:      layout_rooms, hellmonk_ecumenical_altar_crossroads, minmay_lizard_king
D:3:      layout_basic, trog_book, minivault_27
D:4:      layout_basic, nicolae_ru_the_path_less_chosen,
          lemuel_mausoleum_altar_yredelemnul, cheibriados_altar_1,
          nicolae_ossuary_entry_ruins, kennysheep_generic_room_8
D:5:      cheibrodos_fzero, layout_cave_pods
D:6:      layout_basic, led_xom_imps, mainiacjoe_overflow_alcove_4,
          serial_curves, eino_curves_02, eino_curves_02, eino_curves_02,
          corexii_leaking_fountain
D:7:      layout_basic, mainiacjoe_overflow_tiny_flanked,
          minmay_temple_entry_ruins, serial_curves, eino_curves_04,
          eino_curves_02, uniq_prince_ribbit1
D:8:      layout_rooms, kennysheep_little_box, minmay_between
D:9:      regret_index_dithmenos_penumbral_divide, layout_basic
Temple:   nicolae_temple_god_jail

Skill      XL: |  1  2  3  4  5  6  7  8  9 10 |
---------------+-------------------------------+-----
Ranged Weapons | 5 6 8 10 11 13 | 13.0
Fighting       | 3 4 5 6 8 |  8.0
Armour         | 2 3 |  3.1
Dodging        | 2 3 4 |  4.4
Invocations    | 4 |  4.8
Stealth        | |  1.1

Action                     |  1- 3 |  4- 6 |  7- 9 | 10-12 || total
---------------------------+-------+-------+-------+-------++-------
   Fire: Shortbow          |   110 |   181 |   462 |   152 ||   905
         Orcbow            |       |       |       |   143 ||   143
    Use: Scroll            |     8 |     4 |     3 |     9 ||    24
         Potion            |       |     2 |       |     6 ||     8
 Armour: Leather armour    |    39 |    38 |   132 |   185 ||   394
  Dodge: Dodged            |    44 |    56 |   116 |   135 ||   351

Table legend:
 A = Non-vault XP
 B = Vault XP
 C = Vault XP percentage of total XP
 D = Non-vault monster count
 E = Vault monster count
 F = Vault count percentage of total count
                 A         B        C        D         E       F
            +---------+---------+-------+---------+---------+-------
      Total |    5612 |    3267 |  36.8 |     152 |      66 |  30.3
            +---------+---------+-------+---------+---------+-------
        D:1 |       6 |       0 |   0.0 |       5 |       0 |   0.0
        D:2 |      66 |       7 |   9.6 |      20 |       7 |  25.9
        D:3 |     176 |       0 |   0.0 |      18 |       0 |   0.0
        D:4 |     369 |     657 |  64.0 |      23 |      14 |  37.8
        D:5 |     224 |     441 |  66.3 |      12 |      16 |  57.1
        D:6 |    1045 |     146 |  12.3 |      11 |       3 |  21.4
        D:7 |    1447 |     274 |  15.9 |      29 |       1 |   3.3
        D:8 |    1992 |     372 |  15.7 |      25 |       5 |  16.7
        D:9 |     287 |    1184 |  80.5 |       9 |       7 |  43.8
    Ossuary |       0 |     186 | 100.0 |       0 |      13 | 100.0
            +---------+---------+-------+---------+---------+-------
